 Dungeon Crawl Stone Soup version 0.26-a0-27-g1f0226971c (webtiles) character file.

Game seed: 14612679282781742078, levelgen mode: deterministic

10670 Lugonue the Martial Artist (level 11, -11/85 (86) HPs)
             Began as a Demonspawn Venom Mage on May 27, 2020.
             Was a Believer of Ashenzari.
             Mangled by a five-headed hydra (12 damage)
             ... on level 11 of the Dungeon.
             The game lasted 00:27:40 (14702 turns).

Lugonue the Martial Artist (Demonspawn Venom Mage) Turns: 14702, Time: 00:27:40

HP:   -11/85 (86)   AC:  8    Str: 11    XL:     11   Next: 39%
MP:   0/22          EV: 14    Int: 17    God:    Ashenzari [**....]
Gold: 431           SH:  0    Dex: 14    Spells: 5/25 levels left

rFire    . . .     SeeInvis .     - Unarmed
rCold    + . .     Gourm    .   (no shield)
rNeg     . . .     Faith    .   h - +2 robe {rC+}
rPois    +         Spirit   +   (helmet restricted)
rElec    .         Reflect  .   w - +0 cloak {rPois}
rCorr    .         Harm     .   (no gloves)
MR       .....                  t - +1 pair of boots
Stlth    +++++.....             y - amulet of regeneration
HPRegen  0.64/turn              B - ring of Shadows {Umbra +Inv Stlth+}
MPRegen  0.18/turn              v - ring of wizardry

@: wreathed by umbra
A: hooves 2, horns 1, rugged brown scales 1, powered by pain 1, wild magic 1,
magic shield, MP-powered wands
a: Curse Item, Scrying, Renounce Religion, Evoke Invisibility


You were on level 11 of the Dungeon.
You worshipped Ashenzari.
Ashenzari was pleased with you.
You were not hungry.

You visited 1 branch of the dungeon, and saw 11 of its levels.

You collected 431 gold pieces.

Inventory:

Missiles
 q - 42 poisoned darts (quivered)
Armour
 h - a +2 robe of cold resistance (worn)
 t - a +1 pair of boots (worn)
 w - a +0 cloak of poison resistance (worn)
 F - +0 swamp dragon scales
Jewellery
 u - an uncursed ring of poison resistance
 v - a ring of wizardry (right hand)
 y - an amulet of regeneration (around neck)
 B - the ring of Shadows (left hand) {Umbra +Inv Stlth+}
   (You found it on level 8 of the Dungeon)

   [ring of stealth]

   It lets you turn invisible.
   It makes you more stealthy.
 C - an uncursed amulet of faith
 G - an uncursed amulet of reflection
Wands
 i - a wand of polymorph (4)
 m - a wand of flame (18)
 n - a wand of paralysis (5)
 s - a wand of clouds (4)
 I - a wand of digging (3)
Scrolls
 a - 2 scrolls of enchant weapon
 d - 4 scrolls of teleportation
 e - 8 scrolls of remove curse
 l - a scroll of immolation {unknown}
 x - a scroll of amnesia
 z - 2 scrolls of random uselessness
Potions
 b - 2 potions of ambrosia
 f - a potion of invisibility
 g - 3 potions of heal wounds
 j - 3 potions of stabbing
 k - a potion of degeneration
 o - 4 potions of curing
 p - 5 potions of flight
 r - 2 potions of lignification
 A - a potion of resistance
 D - a potion of brilliance
 H - a potion of haste {unknown}
Comestibles
 c - 14 rations
 J - 14 chunks of flesh


   Skills:
 * Level 7.5 Fighting
 + Level 2.8 Armour
 + Level 4.1 Dodging
 - Level 3.1 Stealth
 * Level 9.0 Unarmed Combat
 + Level 7.6 Spellcasting
 + Level 0.8 Conjurations
 + Level 0.4 Translocations
 + Level 3.1 Transmutations
 + Level 1.6 Fire Magic
 + Level 3.0 Air Magic
 + Level 7.1 Poison Magic
 + Level 0.2 Evocations


You had 5 spell levels left.
You knew the following spells:

 Your Spells              Type           Power        Failure   Level  Hunger
a - Sting                 Tmut/Pois      ####         1%          1    None
b - Poisonous Vapours     Pois/Air       ####..       1%          2    None
c - Olgreb's Toxic Radia  Pois           #####...     4%          4    ####...
d - Ignite Poison         Fire/Tmut/Pois ####....     4%          3    ##.....
e - Mephitic Cloud        Conj/Pois/Air  ###.....     4%          3    ##.....
f - Blink                 Tloc           N/A          9%          2    None
g - Blade Hands           Tmut           ###.......   38%         5    #####..

Your spell library contained the following spells:

 Spells                   Type           Power        Failure   Level  Hunger
 Beastly Appendage        Tmut           ###...       2%          1    None
 Sticks to Snakes         Tmut           ###.....     2%          2    None
 Spider Form              Tmut/Pois      ####......   2%          3    ##.....
 Shock                    Conj/Air       ###.         3%          1    None
 Magic Dart               Conj           ##..         4%          1    None
 Apportation              Tloc           ##....       5%          1    None
 Swiftness                Chrm/Air       ###.....     5%          2    None
 Animate Skeleton         Necr           N/A          6%          1    None
 Corona                   Hex            #......      6%          1    None
 Pain                     Necr           #...         6%          1    None
 Summon Small Mammal      Summ           #...         6%          1    None
 Static Discharge         Conj/Air       ###.....     9%          3    ##.....
 Call Imp                 Summ           #.......     10%         2    None
 Slow                     Hex            #.......     10%         2    None
 Conjure Flame            Conj/Fire      ##......     12%         3    ##.....
 Airstrike                Air            ###.......   16%         4    ####...
 Vampiric Draining        Necr           #.........   17%         3    ##.....
 Ice Form                 Ice/Tmut       ###.....     28%         4    ####...
 Animate Dead             Necr           N/A          45%         4    ####...
 Lightning Bolt           Conj/Air       ###.......   52%         5    #####..
 Agony                    Necr           #.......     78%         5    #####..


Dungeon Overview and Level Annotations

Branches:
Dungeon (11/15)            Temple (0/1) D:5            Lair (0/6) D:8
    Orc (0/2) D:9

Altars:
Ashenzari
Okawaru
Trog
Uskayaw
Vehumet
Wu Jian
Xom

Portals:
Abyss: D:4

Annotations:
D:4 2 transporters, xight's ghost, amateur DEFE


Innate Abilities, Weirdness & Mutations

You have a pair of small horns on your head.
You are partially covered in rugged brown scales. (AC +1, +3% HP)
You sometimes gain a little power by taking damage.
When hurt, damage is shared between your health and your magic reserves.
You have hoof-like feet.
Your spells are a little harder to cast, but a little more powerful.
You expend magic power (3 MP) to strengthen your wands.


Message History

You hit the five-headed hydra.
The five-headed hydra is almost dead.
The five-headed hydra bites you! x3
* * * LOW HITPOINT WARNING * * *
The five-headed hydra bites you!
* * * LOW HITPOINT WARNING * * *
The five-headed hydra bites you.
* * * LOW HITPOINT WARNING * * *
Okay, then.
Unknown command.
Okay, then.
As you read the scroll of fear, it crumbles to dust.
You assume a fearsome visage.
The five-headed hydra resists with some effort.
The five-headed hydra misses you.
The five-headed hydra closely misses you.
The five-headed hydra bites you!
* * * LOW HITPOINT WARNING * * *
The five-headed hydra bites you!
You die...

, , #.....†##.†% ,,
####.)###... .. ##..## #...
#.# ##..## #... , #..##
####..## *.... , , #..#
###....## #...
#..###....)## , **
##.........## *
##.....@D>.## *
##.........## ###### *
##..........# #....####
#.....)....## ##.......###
#.).........## #..........#
.........).)(###...........
........[..##..............
,
..........####.............
.........## ###...........


You could see a five-headed hydra.

Vanquished Creatures
  A two-headed ogre (D:9)
  Pikel (D:7)
  A cyclops (D:11)
  2 ugly things (D:11)
  Maggie (D:9)
  Grinder (D:6)
  2 hippogriffs (D:10)
  Sigmund (D:6)
  A wyvern (D:9)
  A shadow (D:11)
  12 yaks (D:9)
  Duvessa (D:7)
  A water moccasin (D:6)
  3 orc warriors
  4 sky beasts
  5 ice beasts
  A necrophage (D:8)
  5 ogres
  4 centaurs
  5 big kobolds
  7 bullfrogs
  Dowan (D:7)
  2 scorpions
  13 killer bees
  12 wights
  2 howler monkeys
  3 crimson imps
  5 jellies
  5 hounds
  Crazy Yiuf (D:7)
  A centaur zombie (D:8)
  3 orc priests
  4 orc wizards
  5 centaur skeletons
  3 bullfrog skeletons
  An iguana (D:10)
  Natasha (thrice) (D:3)
  5 worker ants
  4 gnolls
  13 adders
  2 shadow imps
  2 adder skeletons
  3 worms
  A dart slug (D:1)
  3 leopard geckos
  37 orcs
  5 bats
  3 giant cockroaches
  7 goblins
  10 hobgoblins
  8 jackals
  6 quokkas
  9 ball pythons
  7 frilled lizards
  27 kobolds
  6 rats
282 creatures vanquished.

Vanquished Creatures (others)
  2 slaves (D:7)
  A howler monkey (D:7)
  A hound skeleton (D:7)
  4 gnolls (D:7)
8 creatures vanquished.

Grand Total: 290 creatures vanquished

Notes
Turn   | Place    | Note
-------+----------+-------------------------------------------
     0 | D:1      | Lugonue the Demonspawn Venom Mage began the quest for the
                  | Orb.
     0 | D:1      | Reached XP level 1. HP: 13/13 MP: 3/3
   809 | D:1      | Reached skill level 1 in Transmutations
   809 | D:1      | Gained mutation: When hurt, damage is shared between your
                  | health and your magic reserves. [demonic ancestry]
   809 | D:1      | Reached XP level 2. HP: 18/19 MP: 5/5
  1757 | D:2      | Found a shattered altar of Ashenzari.
  1761 | D:2      | Became a worshipper of Ashenzari the Shackled
  1830 | D:2      | Reached XP level 3. HP: 25/25 MP: 2/6
  2111 | D:2      | Reached skill level 1 in Unarmed Combat
  2538 | D:2      | Found a radiant altar of Vehumet.
  2767 | D:2      | Reached skill level 1 in Fighting
  3137 | D:2      | Gained mutation: You have a pair of small horns on your
                  | head. [demonic ancestry]
  3137 | D:2      | Reached XP level 4. HP: 26/32 MP: 4/7
  3362 | D:3      | Noticed Natasha
  3376 | D:3      | Learned a level 2 spell: Poisonous Vapours
  3522 | D:3      | Killed Natasha
  3592 | D:3      | Noticed Natasha
  3600 | D:3      | Killed Natasha
  3600 | D:3      | Reached XP level 5. HP: 27/37 MP: 1/9
  4901 | D:3      | Noticed Natasha
  4957 | D:3      | Killed Natasha
  4957 | D:3      | Reached skill level 2 in Unarmed Combat
  5419 | D:4      | Gained mutation: You sometimes gain a little power by
                  | taking damage. [demonic ancestry]
  5419 | D:4      | Reached XP level 6. HP: 28/44 MP: 7/11
  5653 | D:4      | Learned a level 4 spell: Olgreb's Toxic Radiance
  6437 | D:4      | Reached skill level 1 in Armour
  6437 | D:4      | Gained mutation: You are partially covered in rugged brown
                  | scales. (AC +1, +3% HP) [demonic ancestry]
  6437 | D:4      | Reached XP level 7. HP: 46/52 MP: 2/12
  6616 | D:4      | Found a transporter.
  6618 | D:4      | Found a transporter.
  6618 | D:4      | Noticed xight's ghost (amateur DEFE)
  6642 | D:4      | Found a one-way gate to the infinite horrors of the Abyss.
  6842 | D:5      | Entered Level 5 of the Dungeon
  6923 | D:5      | Learned a level 2 spell: Blink
  7002 | D:5      | Found a bloodstained altar of Trog.
  7097 | D:5      | Reached skill level 3 in Unarmed Combat
  7097 | D:5      | Reached skill level 1 in Air Magic
  7403 | D:5      | Found a staircase to the Ecumenical Temple.
  8021 | D:6      | Learned a level 3 spell: Ignite Poison
  8060 | D:6      | Reached XP level 8. HP: 59/59 MP: 14/14
  8073 | D:6      | Noticed Grinder
  8079 | D:6      | Killed Grinder
  8079 | D:6      | Reached skill level 4 in Unarmed Combat
  8172 | D:6      | Learned a level 3 spell: Mephitic Cloud
  8508 | D:6      | Noticed Sigmund
  8513 | D:6      | Killed Sigmund
  8966 | D:7      | Noticed Pikel
  8970 | D:7      | Killed Pikel
  8970 | D:7      | Reached skill level 5 in Unarmed Combat
  8970 | D:7      | Reached skill level 5 in Poison Magic
  8970 | D:7      | Reached XP level 9. HP: 62/67 MP: 5/16
  9206 | D:7      | Reached skill level 5 in Spellcasting
  9377 | D:7      | Found an ornate altar of the Wu Jian Council.
  9607 | D:7      | Reached skill level 1 in Fire Magic
  9656 | D:7      | Found an iron altar of Okawaru.
  9659 | D:7      | Found a shimmering altar of Xom.
  9838 | D:7      | Found a runed translucent door.
  9839 | D:7      | Noticed Crazy Yiuf
  9967 | D:7      | Reached skill level 5 in Fighting
  9971 | D:7      | Noticed Dowan
  9974 | D:7      | Noticed Duvessa
  9986 | D:7      | Killed Duvessa
  9993 | D:7      | Killed Dowan
 10020 | D:7      | Reached skill level 6 in Unarmed Combat
 10475 | D:7      | Killed Crazy Yiuf
 10559 | D:8      | Reached * piety under Ashenzari
 10906 | D:8      | Found the ring of Shadows {Umbra +Inv Stlth+}
 11189 | D:8      | Found a staircase to the Lair.
 11196 | D:8      | Reached XP level 10. HP: 75/75 MP: 12/19
 11300 | D:8      | Reached skill level 7 in Unarmed Combat
 11530 | D:9      | Noticed a two-headed ogre
 11541 | D:9      | Killed a two-headed ogre
 12088 | D:9      | Noticed Maggie
 12110 | D:9      | Killed Maggie
 12411 | D:9      | Reached skill level 8 in Unarmed Combat
 12735 | D:9      | Reached ** piety under Ashenzari
 12754 | D:9      | Learned a level 5 spell: Blade Hands
 12874 | D:9      | Reached XP level 11. HP: 61/85 MP: 2/21
 12991 | D:9      | Found a hide-covered altar of Uskayaw.
 13063 | D:9      | Noticed a wizard
 13098 | D:9      | Found a staircase to the Orcish Mines.
 13397 | D:10     | Entered Level 10 of the Dungeon
 13489 | D:10     | Gained mutation: You have large cloven feet. [potion of
                  | mutation]
 13489 | D:10     | Gained mutation: You have hoof-like feet. [potion of
                  | mutation]
 13489 | D:10     | Gained mutation: You expend magic power (3 MP) to
                  | strengthen your wands. [potion of mutation]
 13489 | D:10     | Gained mutation: Your spells are a little harder to cast,
                  | but a little more powerful. [potion of mutation]
 14350 | D:11     | Noticed a white ugly thing
 14354 | D:11     | Killed a white ugly thing
 14497 | D:11     | Reached skill level 9 in Unarmed Combat
 14662 | D:11     | Noticed a brown ugly thing
 14677 | D:11     | Killed a brown ugly thing
 14682 | D:11     | Noticed a five-headed hydra
 14702 | D:11     | HP: 1/85 [five-headed hydra (9)]
 14702 | D:11     | Mangled by a five-headed hydra

Illustrated notes

Levels and vault maps discovered:
D:1:      tarquinn_simple_flora_water_e, layout_loops_ring
D:2:      minmay_diamond_boxcup, layout_basic, nicolae_ashenzari_panopticon,
          fiery_altar_vehumet
D:3:      layout_basic, uniq_natasha
D:4:      layout_basic, first_ration, gammafunk_ghost_abyssal_escape,
          minmay_snake_closets
D:5:      layout_basic, minmay_temple_entry_tees, kennysheep_small_spiral,
          trog_three_pillars_becter
D:6:      layout_loops_ring, uniq_grinder, uniq_sigmund
D:7:      layout_loops_corners, overflow_temple_1_default, minitemple,
          uniq_pikel, uniq_duvessa, uniq_crazy_yiuf_cottage
D:8:      layout_basic, lair_entry_dummy
D:9:      layout_basic, eat_drink_and_be_merry_uskayaw, orc_0_dummy,
          grunt_ogre_cave, grunt_decor_mini_mirrors,
          onia_ninara_dug_in_and_dangerous, uniq_maggie
D:10:     layout_cave_pools, kennysheep_generic_room_7
D:11:     layout_cave_pods, muffindrake_ghost_dual_entry, uniq_harold

Skill      XL: |  1  2  3  4  5  6  7  8  9 10 11 |
---------------+----------------------------------+-----
Transmutations | 1 2 3 |  3.1
Stealth        | 2 3 |  3.1
Unarmed Combat | 1 2 3 5 6 8 9 |  9.0
Fighting       | 1 2 3 4 5 7 |  7.5
Dodging        | 2 3 4 |  4.1
Spellcasting   | 3 4 6 7 |  7.6
Armour         | 1 2 |  2.8
Poison Magic   | 4 5 6 7 |  7.1
Air Magic      | 1 2 3 |  3.0
Fire Magic     | 1 |  1.6
Conjurations   | |  0.8
Translocations | |  0.4
Evocations     | |  0.2

Action                   |  1- 3 |  4- 6 |  7- 9 | 10-12 || total
-------------------------+-------+-------+-------+-------++-------
Melee: Unarmed           |   129 |   186 |   241 |   310 ||   866
       Headbutt          |       |    25 |    42 |    50 ||   117
       Punch             |       |     1 |     6 |    17 ||    24
Throw: Dart              |       |     2 |       |       ||     2
 Cast: Sting             |    57 |    29 |    31 |     8 ||   125
       Poisonous Vapours |       |    40 |    36 |    14 ||    90
       Ignite Poison     |       |       |    14 |    16 ||    30
       Mephitic Cloud    |       |       |     4 |    15 ||    19
       Blink             |       |       |     1 |     1 ||     2
       Olgreb's Toxic Ra |       |       |    11 |    15 ||    26
Evoke: Wand              |       |       |     5 |     5 ||    10
  Use: Scroll            |       |     2 |     9 |     9 ||    20
       Potion            |       |       |     3 |     3 ||     6
 Stab: Sleeping          |     7 |     4 |     4 |    10 ||    25
       Confused          |       |       |     4 |     2 ||     6
       Paralysed         |       |       |       |     7 ||     7
  Eat: Chunk             |     8 |    12 |    16 |     9 ||    45
       Ration            |       |       |     1 |     2 ||     3
Armor: Robe              |    24 |     7 |    20 |    65 ||   116
       Leather armour    |       |    31 |    30 |       ||    61
Dodge: Dodged            |   103 |   134 |   153 |   204 ||   594

Table legend:
 A = Non-vault XP
 B = Vault XP
 C = Vault XP percentage of total XP
 D = Non-vault monster count
 E = Vault monster count
 F = Vault count percentage of total count
                 A         B        C        D         E       F
            +---------+---------+-------+---------+---------+-------
      Total |   13088 |    2155 |  14.1 |     253 |      29 |  10.3
            +---------+---------+-------+---------+---------+-------
        D:1 |      31 |       0 |   0.0 |      19 |       0 |   0.0
        D:2 |      42 |      25 |  37.3 |      19 |       7 |  26.9
        D:3 |     204 |      35 |  14.6 |      22 |       1 |   4.3
        D:4 |     349 |      64 |  15.5 |      17 |      11 |  39.3
        D:5 |     407 |       0 |   0.0 |      10 |       0 |   0.0
        D:6 |     647 |     510 |  44.1 |      10 |       2 |  16.7
        D:7 |    1029 |     898 |  46.6 |      28 |       4 |  12.5
        D:8 |    1450 |       0 |   0.0 |      29 |       0 |   0.0
        D:9 |    5378 |     447 |   7.7 |      53 |       2 |   3.6
       D:10 |     557 |     176 |  24.0 |       4 |       2 |  33.3
       D:11 |    2994 |       0 |   0.0 |      42 |       0 |   0.0
            +---------+---------+-------+---------+---------+-------
